 Dungeon Crawl Stone Soup version 0.27-a0-550-ge92ec0ca06 (webtiles) character file.

Game seed: 6057083511596973987

2829 jestyr24 the Destroyer (level 9, 0/52 HPs)
             Began as a Tengu Conjurer on Mar 8, 2021.
             Was a Priest of Okawaru.
             Slain by davenfal's ghost (29 damage)
             ... on level 8 of the Dungeon.
             The game lasted 00:42:56 (8014 turns).

jestyr24 the Destroyer (Tengu Conjurer)             Turns: 8014, Time: 00:42:58

Health: 0/52       AC:  3    Str:  9    XL:     9   Next: 73%
Magic:  17/28      EV: 13    Int: 21    God:    Okawaru [***...]
Gold:   466        SH:  0    Dex: 12    Spells: 13/20 levels left

rFire    . . .     SeeInvis .   C - staff of conjuration
rCold    . . .     Faith    .   (no shield)
rNeg     . . .     Spirit   .   l - +1 robe
rPois    .         Reflect  .   (helmet restricted)
rElec    .         Harm     .   (no cloak)
rCorr    +         Rampage  .   (no gloves)
Will     .....                  (boots unavailable)
Stlth    +++.......             (no amulet)
HPRegen  0.17/turn              p - ring of magical power
MPRegen  0.21/turn              y - ring of resist corrosion

@: very slightly contaminated
A: beak, talons 3, able to fly
a: Fly, Renounce Religion, Heroism


You were on level 8 of the Dungeon.
You worshipped Okawaru.
Okawaru was most pleased with you.
You visited 2 branches of the dungeon, and saw 9 of its levels.

You collected 466 gold pieces.

Inventory:

Hand Weapons
 d - a +0 dagger
 g - a +0 short sword
 i - a +0 hand axe
 o - a +0 hunting sling
 u - a +0 long sword
 F - a +1 dagger of holy wrath
 G - a +2 vorpal broad axe
Missiles
 n - 50 poisoned darts
 D - 12 boomerangs
Armour
 l - a +1 robe (worn)
 t - a +0 kite shield
 H - +1 swamp dragon scales
Magical Staves
 z - a staff of cold
 C - a staff of conjuration (weapon)
Jewellery
 p - a ring of magical power (left hand)
 y - a ring of resist corrosion (right hand)
Wands
 B - a wand of mindburst (15)
Scrolls
 a - a scroll of summoning {unknown}
 e - 8 scrolls of identify
 j - 6 scrolls of teleportation
Potions
 b - 2 potions of mutation {unknown}
 c - 3 potions of heal wounds
 f - a potion of brilliance {unknown}
 h - 3 potions of haste {unknown}
 k - a potion of magic {unknown}
 m - 4 potions of curing
 s - 3 potions of flight {unknown}
 x - 2 potions of degeneration {unknown}
 E - a potion of attraction {unknown}


   Skills:
 + Level 4.7 Fighting
 * Level 4.8 Dodging
 * Level 5.0 Stealth
 * Level 2.6 Shields
 + Level 6.4 Spellcasting
 + Level 10.6 Conjurations
 * Level 2.3 Evocations


You had 13 spell levels left.
You knew the following spells:

 Your Spells              Type           Power      Damage    Failure   Level
a - Magic Dart            Conj           100%       1d8       1%          1
b - Searing Ray           Conj           100%       3d7       1%          2
c - Fulminant Prism       Conj/Hex       21%        3d13      11%         4

Your spell library contained the following spells:

 Spells                   Type           Power      Damage    Failure   Level
 Dazzling Flash           Conj/Hex       86%        N/A       3%          3
 Iskenderun's Mystic Bla  Conj/Tloc      43%        2d10      11%         4


Dungeon Overview and Level Annotations

Branches:
Dungeon (8/15)             Temple (1/1) D:4            Lair (0/6) D:8

Altars:
Ashenzari
Cheibriados
Dithmenos
Elyvilon
Fedhas
Gozag
Hepliaklqana
Kikubaaqudgha
Makhleb
Nemelex Xobeh
Okawaru
Qazlal
Ru
Sif Muna
Trog
Uskayaw
Vehumet
Wu Jian
Xom
Yredelemnul
Zin
The Shining One

Annotations:
D:3 Grinder
D:8 davenfal's ghost, novice FoFi


Innate Abilities, Weirdness & Mutations

You have a beak for a mouth.
You have claws for feet.
You can fly continuously.


Message History

You continue taking off your +1 swamp dragon scales.
You finish taking off your +1 swamp dragon scales.
You start putting on your armour.
You continue putting on your +1 robe. x5
You finish putting on your +1 robe.
Casting: Magic Dart (safe; 1% risk of failure)
Confirm with . or Enter, or press ? or * to list all spells.
Aiming: Fulminant Prism (dangerous; 11% risk of failure)
Press: ? - help, Dir - move target You feel a surge of power!
You conjure a prism of explosive energy!
A fulminant prism comes into view.
You open the door.
Your fulminant prism crackles loudly.
Your fulminant prism explodes!
The blast of energy engulfs davenfal's ghost!!
Davenfal's ghost is moderately damaged.
The blast of energy engulfs you!!
There is an open door, spattered with blood here.
Casting: Fulminant Prism (dangerous; 11% risk of failure)
Confirm with . or Enter, or press ? or * to list all spells.
Aiming: Searing Ray (safe; 1% risk of failure)
Press: ? - help, Shift-Dir - straight line
Okay, then.
Casting: Searing Ray (safe; 1% risk of failure)
Confirm with . or Enter, or press ? or * to list all spells.
Aiming: Fulminant Prism (dangerous; 11% risk of failure)
Press: ? - help, Dir - move target You feel a surge of power!
You miscast Fulminant Prism.
You are very lightly contaminated with residual magic.
Nothing appears to happen.
Davenfal's ghost barely misses you.
Casting: Fulminant Prism (dangerous; 11% risk of failure)
Confirm with . or Enter, or press ? or * to list all spells.
Aiming: Fulminant Prism (dangerous; 11% risk of failure)
Press: ? - help, Dir - move target You feel a surge of power!
You conjure a prism of explosive energy!
A fulminant prism comes into view.
Davenfal's ghost hits you!!
Ouch! That really hurt!
You die...

#..≈.#
#........#...........#.#
#..≈.#
#.................#..[..
#.#≈##
#........##.#..#..#.##..
..#≈#
####'###.##....#..#.####
.##≈#
####.###.##.......#.#
.####
#.....##.##...###.#.# .#
#.....##.##...# #.#.# .#
#.....##.##.#.# #...# ##
#...*.W@.##.#.#######
#.....##.##)#..#
###'####.##...>#
#.≈.#'..#######
#.≈.##### #.≈.# #.≈.#
#.?(# #####


You could see davenfal's ghost (ally target) and a friendly fulminant prism.

Vanquished Creatures
  Maggie (D:8)
  Prince Ribbit (D:6)
  A water moccasin (D:8)
  3 ice beasts
  An orc warrior (D:7)
  2 sky beasts
  A centaur (D:6)
  3 ogres
  4 bullfrogs
  2 scorpions (D:5)
  3 killer bees (D:7)
  2 hounds (D:5)
  3 jellies
  2 orc priests
  An iguana (D:6)
  A centaur skeleton (D:6)
  A gnoll shaman (D:6)
  7 orc wizards
  7 worker ants
  A hound skeleton (D:4)
  Robin (D:2)
  4 gnolls (D:6)
  9 adders
  A white imp (D:7)
  An ufetubus (D:5)
  3 adder zombies
  An adder skeleton (D:6)
  A worm (D:4)
  3 leopard geckos
  15 orcs
  13 bats
  5 giant cockroaches
  11 goblins
  7 hobgoblins
  4 jackals (D:2)
  11 kobolds
  3 quokkas
  3 ball pythons
  2 frilled lizards (D:1)
  2 leopard gecko skeletons (D:6)
  5 rats
152 creatures vanquished.

Vanquished Creatures (others)
  2 fulminant prisms (D:8)
2 creatures vanquished.

Grand Total: 154 creatures vanquished

Notes
Turn   | Place    | Note
-------+----------+-------------------------------------------
     0 | D:1      | jestyr24 the Tengu Conjurer began the quest for the Orb.
     0 | D:1      | Reached XP level 1. HP: 10/10 MP: 4/4
   228 | D:1      | Reached XP level 2. HP: 13/15 MP: 0/6
   569 | D:1      | Reached skill level 1 in Fighting
   931 | D:1      | Reached skill level 6 in Conjurations
   931 | D:1      | Reached XP level 3. HP: 11/20 MP: 1/7
  1157 | D:1      | Learned a level 2 spell: Searing Ray
  1297 | D:2      | Noticed Robin
  1315 | D:2      | Reached XP level 4. HP: 12/25 MP: 1/8
  1674 | D:2      | Killed Robin
  2422 | D:3      | Found a shadowy altar of Dithmenos.
  2547 | D:3      | Gained mutation: You can fly continuously. [Tengu growth]
  2547 | D:3      | Reached XP level 5. HP: 30/30 MP: 4/9
  2859 | D:3      | Noticed Grinder
  2860 | D:3      | Paralysed by Grinder for 7 turns
  2879 | D:3      | Paralysed by Grinder for 2 turns
  3488 | D:4      | Found a staircase to the Ecumenical Temple.
  3528 | D:4      | Reached skill level 7 in Conjurations
  3607 | Temple   | Entered the Ecumenical Temple
  3748 | Temple   | Became a worshipper of Warmaster Okawaru
  3819 | D:4      | Reached XP level 6. HP: 35/35 MP: 11/11
  4217 | D:5      | Entered Level 5 of the Dungeon
  4315 | D:5      | Noticed a sky beast
  4324 | D:5      | Killed a sky beast
  4405 | D:5      | Reached XP level 7. HP: 31/41 MP: 13/13
  4522 | D:5      | Reached * piety under Okawaru
  4591 | D:5      | Reached skill level 8 in Conjurations
  5490 | D:5      | Reached XP level 8. HP: 41/48 MP: 15/15
  5517 | D:6      | Reached ** piety under Okawaru
  5833 | D:6      | Noticed Prince Ribbit
  5895 | D:6      | Reached skill level 5 in Spellcasting
  5895 | D:6      | Reached skill level 9 in Conjurations
  5900 | D:6      | Killed Prince Ribbit
  6578 | D:7      | Reached XP level 9. HP: 36/52 MP: 18/18
  6579 | D:7      | Reached skill level 10 in Conjurations
  6694 | D:7      | Reached skill level 1 in Evocations
  6783 | D:7      | Reached skill level 1 in Shields
  6788 | D:7      | Learned a level 4 spell: Fulminant Prism
  6988 | D:7      | Reached *** piety under Okawaru
  7421 | D:8      | Identified the +1 robe "Qiegreur" {-Cast Harm Str+4}
  7465 | D:8      | Found a runed translucent door.
  7465 | D:8      | Noticed Maggie
  7472 | D:8      | Noticed davenfal's ghost (novice FoFi)
  7474 | D:8      | Killed Maggie
  7475 | D:8      | Reached skill level 5 in Stealth
  7921 | D:8      | Found a staircase to the Lair.
  8014 | D:8      | Slain by davenfal's ghost

Illustrated notes

Levels and vault maps discovered:
D:1:      lightli_arrival_chessboard, layout_basic
D:2:      layout_rooms, hangedman_abyss_or_decor_stabs, st_stairs_4, uniq_robin
D:3:      layout_rooms, grunt_dithmenos_smoke_and_mirrors,
          hellmonk_ghost_happy_afterlife, uniq_grinder
D:4:      layout_loops_ring, minmay_temple_entry_large_hall,
          minmay_fountain_box, hangedman_abyss_or_decor_lesser_grid
D:5:      layout_loops_ring, minmay_misc_feat_rows
D:6:      layout_rooms, kennysheep_generic_room_15, uniq_prince_ribbit1
D:7:      layout_layer_cave
D:8:      layout_basic, lair_entry_dummy, ebering_ghost_reflecting_pool,
          chequers_serial_rivers_micro_a, uniq_maggie
Temple:   kilobyte_greek_temple

Skill      XL: |  1  2  3  4  5  6  7  8  9 |
---------------+----------------------------+-----
Fighting       | 1 2 3 4 |  4.7
Conjurations   | 6 7 8 9 10 | 10.6
Spellcasting   | 3 4 5 6 |  6.4
Dodging        | 3 4 |  4.8
Stealth        | 3 4 5 |  5.0
Evocations     | 2 |  2.3
Shields        | 2 |  2.6

Action                   |  1- 3 |  4- 6 |  7- 9 || total
-------------------------+-------+-------+-------++-------
Melee: Dagger            |     1 |       |       ||     1
       Short sword       |    11 |    24 |       ||    35
       Peck              |     1 |     2 |       ||     3
       Kick              |     1 |     1 |     2 ||     4
       Long sword        |       |       |     4 ||     4
 Cast: Magic Dart        |    42 |    72 |   101 ||   215
       Searing Ray       |     5 |    15 |    53 ||    73
       Fulminant Prism   |       |       |     3 ||     3
 Abil: Fly               |       |       |     1 ||     1
       Stop Flying       |       |       |     1 ||     1
  Use: Scroll            |       |     4 |     6 ||    10
 Stab: Sleeping          |       |     1 |       ||     1
Armor: Robe              |     7 |     8 |     3 ||    18
Dodge: Dodged            |    27 |    37 |    19 ||    83

Table legend: (Time is in decaauts)
 A = Elapsed time spent in this place.
 B = Non-inter-level travel time spent in this place.
 C = Inter-level travel time spent in this place.
 D = Time resting spent in this place.
 E = Time spent auto-exploring this place.
 F = Levels seen in this place.
 G = Mean time per level.
                   A        B        C        D        E       F      G
               +--------+--------+--------+--------+--------+-----+--------+
         Total |   7929 |   7627 |    302 |   2251 |   4080 |   9 |  881.0 |
       Dungeon |   7751 |   7483 |    268 |   2251 |   3967 |   8 |  968.9 |
        Temple |    177 |    143 |     34 |      0 |    113 |   1 |  177.0 |
               +--------+--------+--------+--------+--------+-----+--------+

Top non-repeatable levels by time:
     D:1: 1486 daAuts
     D:5: 1295 daAuts
     D:4: 1156 daAuts
     D:6: 890 daAuts
     D:2: 875 daAuts
     D:7: 837 daAuts
     D:8: 684 daAuts
     D:3: 524 daAuts
  Temple: 177 daAuts
